 Dungeon Crawl Stone Soup version 0.16.0-8-gd9ae3a8 (console) character file.

12 Cab the Sneak (level 2, 0/13 HPs)
             Began as a Spriggan Enchanter on Mar 16, 2015.
             Slain by a kobold
             ... wielding a +0 short sword
              (3 damage)
             ... on level 2 of the Dungeon.
             The game lasted 00:05:08 (488 turns).

Cab the Sneak (Spriggan Enchanter)                   Turns: 488, Time: 00:05:08

Health: 0/13       AC:  3    Str:  4    XL:     2   Next: 20%
Magic:  7/7        EV: 18    Int: 16    God:
Gold:   63         SH:  0    Dex: 16    Spells: 2 memorised, 3 levels left

rFire  . . .     SeeInvis +     a - +1 dagger
rCold  . . .     Clarity  .     b - +1 robe
rNeg   . . .     SustAb   .     (shield restricted)
rPois  .         Gourm    .     (helmet restricted)
rElec  .         Spirit   .     (no cloak)
rCorr  .         Warding  .     (gloves unavailable)
rMut   .         Stasis   .     (boots unavailable)
MR     .....                    (no amulet)
Stlth  +++.......               (no ring)
                                (no ring)

@: very quick, not resistant to hostile enchantments, fairly stealthy
A: unfitting armour, see invisible, herbivore 3, speed 3, slow metabolism 2
a: no special abilities


You were on level 2 of the Dungeon.
You were not hungry.

You visited 1 branch of the dungeon, and saw 2 of its levels.

You collected 63 gold pieces.

Inventory:

Hand weapons
 a - a +1 dagger (weapon)
Armour
 b - a +1 robe (worn)
Scrolls
 f - a scroll of noise {unknown}
 k - a scroll of blinking {unknown}
 l - a scroll of recharging {unknown}
Potions
 e - a potion of beneficial mutation {unknown}
 g - a potion of heal wounds {unknown}
 i - a potion of restore abilities {unknown}
 j - a potion of invisibility {unknown}
Books
 c - a book of Maledictions

   Spells                             Type                      Level
   a - Corona                         Hexes                        1
   b - Sure Blade                     Hexes/Charms                 2
   c - Ensorcelled Hibernation        Hexes/Ice                    2
   d - Confuse                        Hexes                        3
   e - Dazzling Spray                 Conjuration/Hexes            3
   f - Enslavement                    Hexes                        4
Comestibles
 d - 2 bread rations
 h - a slice of pizza


   Skills:
 - Level 1.1 Short Blades
 - Level 3.0 Dodging
 - Level 4.7 Stealth
 - Level 2.6 Spellcasting
 * Level 4.2 Hexes


You had 3 spell levels left.
You knew the following spells:

 Your Spells              Type           Power        Failure   Level  Hunger
a - Corona                Hex            ###....      4%          1    #......
b - Ensorcelled Hibernat  Hex/Ice        #.....       14%         2    ##.....


Dungeon Overview and Level Annotations

Branches:
Dungeon (2/15)

Altars:
Cheibriados
Yredelemnul


Innate Abilities, Weirdness & Mutations

You are tiny and cannot use many weapons and most armour.
You have supernaturally acute eyesight.
You are a herbivore.
You cover ground extremely quickly.
You need consume almost no food.


Message History

You miss the kobold. The kobold closely misses you.
You barely miss the kobold. You hit the kobold but do no damage.
The kobold hits you.
You closely miss the kobold. The kobold misses you.
You barely miss the kobold. The kobold hits you.
You hit the kobold!
You kill the kobold!
There is a snail-covered altar of Cheibriados here.
Magic restored.
A kobold comes into view. It is wielding a short sword.
The kobold shouts!
You hit the kobold but do no damage. The kobold barely misses you.
You closely miss the kobold. The kobold hits you with a short sword.
You barely miss the kobold. The kobold hits you with a short sword.
* * * LOW HITPOINT WARNING * * *
You hit the kobold but do no damage. The kobold misses you.
You hit the kobold.
The kobold is heavily wounded.
The kobold hits you with a short sword.
You die...

▒ ▒∙ ▒∙ ▒∙▒ ▒∙∙▒▒
▒∙∙▒▒▒▒▒▒∙▒∙∙
▒▒▒∙∙@K∙∙∙∙∙∙∙
▒∙∙∙▒▒∙▒▒▒∙∙∙∙
▒▒▒▒∙▒▒▒ ∙▒ ▒∙∙∙∙▒
∙▒ ▒▒▒▒▒▒▒▒▒∙▒▒▒▒
∙∙ ▒∙∙∙∙∙▒▒∙∙▒▒ ▒▒
∙∙∙∙∙∙∙∙∙∙∙▒
∙∙∙∙∙∙∙∙∙∙∙▒▒▒▒▒▒▒▒
∙▄∙∙∙∙∙∙∙∙<∙∙∙∙∙∙∙▒


You could see a kobold.

Vanquished Creatures
  A giant cockroach (D:1)
  A hobgoblin (D:1)
  4 kobolds
  A giant newt (D:1)
  5 goblins (D:1)
12 creatures vanquished.

Notes
Turn   | Place    | Note
--------------------------------------------------------------
     0 | D:1      | Cab, the Spriggan Enchanter, began the quest for the Orb.
     0 | D:1      | Reached XP level 1. HP: 9/9 MP: 4/4
   212 | D:1      | Reached XP level 2. HP: 13/13 MP: 7/7
   216 | D:1      | Learned a level 2 spell: Ensorcelled Hibernation
   430 | D:2      | Found a snail-covered altar of Cheibriados.
   441 | D:2      | Found a basalt altar of Yredelemnul.
   488 | D:2      | Slain by a kobold

Action                   || total
-------------------------++-------
Melee: Dagger            ||    43
 Cast: Corona            ||     4
       Ensorcelled Hiber ||     3
 Stab: Sleeping          ||     3
